 Dungeon Crawl Stone Soup version 0.18-a0-29-gce27f3c (webtiles) character file.

128838 Duffy the Bludgeoner (level 17, 158/158 HPs)
             Began as a Naga Assassin on Nov 4, 2015.
             Was the Champion of Cheibriados.
             Quit the game on level 4 of the Orcish Mines.
             The game lasted 00:49:37 (33020 turns).

Duffy the Bludgeoner (Naga Assassin)               Turns: 33020, Time: 00:49:37

Health: 158/158    AC: 25    Str: 34    XL:     17   Next: 4%
Magic:  32/32      EV: 17    Int: 22    God:    Cheibriados [******]
Gold:   1965       SH:  0    Dex: 34    Spells: 0 memorised, 16 levels left

rFire  + + .     SeeInvis +     a - +9 great mace (drain)
rCold  . . .     Clarity  .     W - +3 plate armour of the Cooper {+Inv rF+ Int-4 Dex+6}
rNeg   + . .     SustAt   .     (shield currently unavailable)
rPois  +         Gourm    .     v - +0 helmet
rElec  .         Spirit   .     d - +0 cloak
rCorr  +         Warding  +     y - +1 pair of gloves "Jaoggof" {+Inv Regen+ rCorr Str-2}
rMut   .         Stasis   .     (no barding)
MR     +++..                    J - amulet of warding
Stlth  ..........               C - ring of protection from fire
                                c - ring of magical power

@: very slow, extremely resistant to hostile enchantments, extremely unstealthy
A: see invisible, deformed body, magic resistance 1, poison resistance, slowness
2, slow metabolism 1, spit poison 2, constrict 1, AC +5
a: Spit Poison, Bend Time, Temporal Distortion, Slouch, Step From Time, Renounce
Religion, Evoke Invisibility


You were on level 4 of the Orcish Mines.
You worshipped Cheibriados.
Cheibriados was exalted by your worship.
You were not hungry.

You visited 3 branches of the dungeon, and saw 27 of its levels.

You collected 1985 gold pieces.
You spent 20 gold pieces at shops.


Innate Abilities, Weirdness & Mutations

You cannot wear boots.
Your serpentine skin is tough (AC +5).
You have supernaturally acute eyesight.
Armour fits poorly on your strangely shaped body.
Your system is resistant to poisons.
You cover ground very slowly.
You have a slow metabolism.
You can spit poison.
You can use your snake-like lower body to constrict enemies.
You are resistant to hostile enchantments.


   Skills:
 + Level 11.6 Fighting
   Level 2.0 Short Blades
 + Level 18.1 Maces & Flails
 - Level 2.0 Throwing
 - Level 12.8 Armour
 - Level 10.0 Dodging
 - Level 5.8 Stealth
 - Level 8.0 Invocations


You had 16 spell levels left.
You didn't know any spells.

Inventory:

Hand Weapons
 a - a +9 great mace of draining (weapon)
 b - a +0 blowgun
Missiles
 e - 46 poisoned needles
 j - 765 stones (quivered)
 s - 14 curare-tipped needles
Armour
 d - a +0 cloak (worn)
 v - a +0 helmet (worn)
 y - the +1 pair of gloves "Jaoggof" (worn) {+Inv Regen+ rCorr Str-2}

   It affects your strength (-2).
   It lets you turn invisible.
   It increases your rate of regeneration.
   It protects you from acid and corrosion.
 W - the +3 plate armour of the Cooper (worn) {+Inv rF+ Int-4 Dex+6}

   It affects your intelligence (-4).
   It affects your dexterity (+6).
   It protects you from fire.
   It lets you turn invisible.
Jewellery
 c - a ring of magical power (left hand)
 k - an uncursed ring of flight
 B - an uncursed amulet of stasis
 C - a ring of protection from fire (right hand)
 J - an amulet of warding (around neck)
Wands
 f - a wand of polymorph (3)
 E - a wand of paralysis (11)
 I - a wand of flame (30)
 K - a wand of lightning (2)
 L - a wand of fire (7)
 X - a wand of draining (4)
Scrolls
 l - 4 scrolls of fog
 o - 7 scrolls of teleportation
 p - a scroll of torment
 r - 4 scrolls of recharging
 x - 5 scrolls of remove curse
 A - 2 scrolls of enchant weapon
 D - 2 scrolls of identify
 G - 7 scrolls of enchant armour
 H - a scroll of fear
 N - a scroll of blinking
 O - 2 scrolls of magic mapping
Potions
 m - 2 potions of cure mutation
 n - 2 potions of agility
 t - 3 potions of lignification
 u - 4 potions of brilliance
 w - 2 potions of flight
 z - 5 potions of curing
 M - 3 potions of heal wounds
 P - 2 potions of might
 R - 3 potions of invisibility
 S - 2 potions of magic
 Z - 2 potions of cancellation
Miscellaneous
 Q - a phial of floods
 Y - a lamp of fire
Comestibles
 g - 25 bread rations
 h - 4 slices of pizza
 i - 7 meat rations
 q - a fruit

Dungeon Overview and Level Annotations

Branches:
Dungeon (15/15)            Temple (0/1) D:4            Lair (8/8) D:10
  Swamp (0/4) Lair:3       Spider (0/4) Lair:4        Slime (0/6) Lair:7
    Orc (4/4) D:11         Vaults (0/5) D:14         Depths (0/5) D:15
    Elf: Orc:3-4

Altars:
Cheibriados
Dithmenos
Elyvilon
Gozag
Makhleb
Nemelex Xobeh
Qazlal
Ru
Trog
Vehumet
Xom
Zin
Beogh
Jiyva

Shops:
D:4 [   D:5 [   D:8 =   D:14 (}*:   Orc:4 [*!}

Annotations:
Lair:7 exclusion: 2 oklob plants


Message History

The orc knight is moderately wounded.
You constrict the orc knight. You hit the orc knight. You drain the orc knight!
The orc knight is moderately wounded.
You constrict the orc knight! The orc knight misses you.
You thump the orc knight!
The orc knight is severely wounded.
You constrict the orc knight.
You hit the orc knight but do no damage.
You drain the orc knight!
The orc knight is almost dead.
You constrict the orc knight!
The orc knight hits you but does no damage.
You bludgeon the orc knight!!
You kill the orc knight!
Cheibriados appreciates the change of pace.
Some of the chunks of flesh in your inventory have rotted away.
Found Suerim's Distillery and Aruser's Gadget Shop.
Things that are here:
a great mace; a chain mail; an orc corpse You see here a yak skeleton.
Found Vuot's Armour Emporium and Zazayclu's Assorted Antiques.
You start resting.
Eating one of 4 chunks of flesh.
This raw flesh tastes terrible.
You continue eating. x2
HP restored.
Magic restored.
There is an entrance to Vuot's Armour Emporium here.
There is an entrance to Zazayclu's Assorted Antiques here.
There is an entrance to Aruser's Gadget Shop here.
All of the chunks of flesh in your inventory have rotted away.
There is an entrance to Suerim's Distillery here.
There is an entrance to Vuot's Armour Emporium here.
There is an entrance to Zazayclu's Assorted Antiques here.
Are you sure you want to abandon this character and quit the game? (Confirm with "yes".)

......####
#................##
.)##.....#
###....######.....##
.#)......# ###.#
#####))))#
.))....### ##
####..###)).#
.).[####
###..÷.÷.##).)#
......#
##∩.÷...÷)#)÷.##
....###
##....÷..÷.)...#
....##
#∩.....§..).÷.##
...#.##
#@...÷...÷)..##
......###
##.......÷...#
......#.###
##∩.......###
..........##
###....÷##
#..........# #######
#.......#.##
.......#### #.....##
....#.#


There were no monsters in sight!

Action                   |  1- 3 |  4- 6 |  7- 9 | 10-12 | 13-15 | 16-18 || total
-------------------------+-------+-------+-------+-------+-------+-------++-------
Melee: Dagger            |    35 |   119 |    42 |       |       |       ||   196
       Flail             |       |       |   291 |   694 |       |       ||   985
       Dire flail        |       |       |       |   266 |   325 |       ||   591
       Great mace        |       |       |       |       |   670 |   437 ||  1107
 Fire: Blowgun           |     2 |    25 |    29 |    12 |       |       ||    68
Throw: Stone             |       |       |     3 |     7 |       |       ||    10
Invok: Slouch            |       |       |       |    10 |    12 |     5 ||    27
 Abil: Spit Poison       |    32 |    41 |     9 |     6 |       |       ||    88
  Use: Scroll            |     3 |     6 |     5 |    10 |    16 |       ||    40
       Potion            |       |       |       |     3 |     2 |       ||     5
 Stab: Sleeping          |       |     4 |    14 |     6 |       |       ||    24
       Distracted        |       |       |       |     1 |       |       ||     1
  Eat: Chunk             |     3 |     6 |     8 |    16 |    19 |    10 ||    62
       Fruit             |       |       |     5 |     2 |    10 |       ||    17
       Pizza             |       |       |       |     2 |       |       ||     2
       Beef jerky        |       |       |       |     5 |     3 |       ||     8

Notes
Turn   | Place    | Note
--------------------------------------------------------------
     0 | D:1      | Duffy the Naga Assassin began the quest for the Orb.
     0 | D:1      | Reached XP level 1. HP: 19/19 MP: 1/1
    82 | D:1      | Reached skill level 2 in Throwing
    98 | D:1      | Reached skill level 1 in Dodging
   189 | D:1      | Reached XP level 2. HP: 16/26 MP: 2/2
   591 | D:1      | Found a sparkling altar of Nemelex Xobeh.
   699 | D:1      | Reached skill level 3 in Fighting
   699 | D:1      | Reached XP level 3. HP: 32/34 MP: 3/3
  1068 | D:2      | Found a bloodstained altar of Trog.
  1092 | D:2      | Noticed an earth elemental
  1094 | D:2      | Found a stormy altar of Qazlal.
  1095 | D:2      | Noticed a water elemental
  1095 | D:2      | Noticed an air elemental
  1095 | D:2      | Noticed a fire elemental
  1536 | D:2      | Reached XP level 4. HP: 44/44 MP: 4/4
  1539 | D:2      | Found a radiant altar of Vehumet.
  1610 | D:2      | Found a white marble altar of Elyvilon.
  1652 | D:2      | Reached skill level 4 in Fighting
  1840 | D:2      | Found a snail-covered altar of Cheibriados.
  1841 | D:2      | Found a glowing silver altar of Zin.
  1849 | D:2      | Became a worshipper of Cheibriados the Contemplative
  1972 | D:3      | Noticed Robin
  2356 | D:3      | Killed Robin
  2499 | D:3      | Found a shadowy altar of Dithmenos.
  2504 | D:3      | Noticed Sigmund
  2509 | D:4      | Reached * piety under Cheibriados
  2631 | D:3      | Killed Sigmund
  2631 | D:3      | Reached skill level 6 in Fighting
  2631 | D:3      | Reached XP level 5. HP: 41/55 MP: 5/5
  2631 | D:3      | Reached XP level 6. HP: 46/62 MP: 6/6
  2800 | D:3      | Found a shimmering altar of Xom.
  2902 | D:3      | Reached ** piety under Cheibriados
  3465 | D:4      | Reached skill level 2 in Dodging
  3465 | D:4      | Reached XP level 7. HP: 70/70 MP: 7/7
  3563 | D:4      | Found a staircase to the Ecumenical Temple.
  3638 | D:4      | Reached *** piety under Cheibriados
  3747 | D:4      | Reached skill level 3 in Dodging
  3765 | D:4      | Noticed Eustachio
  3786 | D:4      | Killed Eustachio
  3786 | D:4      | Reached skill level 4 in Dodging
  3813 | D:4      | Noticed Edmund
  3833 | D:4      | Killed Edmund
  3935 | D:4      | Reached skill level 1 in Maces & Flails
  3935 | D:4      | Reached XP level 8. HP: 66/78 MP: 8/8
  4048 | D:4      | Found Doiq's Antique Armour Emporium.
  4141 | D:4      | Reached skill level 2 in Maces & Flails
  4352 | D:5      | Entered Level 5 of the Dungeon
  4434 | D:5      | Found Jasigavu's Antique Armour Shop.
  4471 | D:5      | Reached skill level 3 in Maces & Flails
  4944 | D:5      | Reached skill level 4 in Maces & Flails
  5028 | D:5      | Reached **** piety under Cheibriados
  5421 | D:6      | Reached skill level 5 in Maces & Flails
  5425 | D:6      | Got a slimy flail
  5457 | D:5      | Identified the +0 flail "Jiru Qu Weyp" {vamp, +Blink MP-9 Dex+7} (You found it on level 6 of the Dungeon)
  5698 | D:6      | Reached skill level 6 in Maces & Flails
  6046 | D:6      | Reached ***** piety under Cheibriados
  6046 | D:6      | Reached skill level 7 in Maces & Flails
  6046 | D:6      | Reached XP level 9. HP: 85/85 MP: 9/9
  6149 | D:7      | Noticed Duvessa
  6150 | D:7      | Noticed Dowan
  6163 | D:7      | Killed Duvessa
  6163 | D:7      | Reached skill level 8 in Maces & Flails
  6173 | D:7      | Killed Dowan
  6470 | D:7      | Reached skill level 9 in Maces & Flails
  6513 | D:7      | Found a sacrificial altar of Ru.
  7023 | D:7      | Noticed Pikel
  7031 | D:7      | Reached skill level 10 in Maces & Flails
  7051 | D:7      | Killed Pikel
  7051 | D:7      | Reached skill level 4 in Invocations
  7051 | D:7      | Reached XP level 10. HP: 46/92 MP: 9/13
  7786 | D:8      | Reached skill level 5 in Invocations
  7868 | D:8      | Found Jirhoc's Jewellery Shoppe.
  8257 | D:8      | Found a burning altar of Makhleb.
  8591 | D:8      | Reached skill level 6 in Invocations
  8636 | D:8      | Reached ****** piety under Cheibriados
  8848 | D:9      | Reached skill level 11 in Maces & Flails
  8848 | D:9      | Reached skill level 7 in Invocations
  9799 | D:9      | Found an opulent altar of Gozag.
 10081 | D:10     | Entered Level 10 of the Dungeon
 10081 | D:10     | Found a runed door.
 10130 | D:9      | Reached skill level 8 in Invocations
 10333 | D:10     | Found a roughly hewn altar of Beogh.
 10376 | D:10     | Found a staircase to the Lair.
 10397 | D:10     | Reached XP level 11. HP: 88/99 MP: 17/17
 10408 | D:10     | Reached skill level 1 in Armour
 10890 | D:10     | Reached skill level 5 in Dodging
 10971 | D:10     | Reached skill level 2 in Armour
 11105 | D:10     | Reached skill level 7 in Fighting
 12140 | D:11     | Noticed a hill giant
 12151 | D:11     | Killed a hill giant
 12322 | D:11     | Found a staircase to the Orcish Mines.
 12550 | D:11     | Reached skill level 3 in Armour
 12838 | D:11     | Reached skill level 12 in Maces & Flails
 13160 | D:11     | Reached skill level 8 in Fighting
 13361 | D:11     | Reached skill level 6 in Dodging
 13383 | D:11     | Reached skill level 4 in Armour
 13790 | D:11     | Reached XP level 12. HP: 112/112 MP: 18/18
 13959 | D:12     | Got a distressingly furry plate armour
 13984 | D:11     | Identified the +3 plate armour of the Cooper {+Inv rF+ Int-4 Dex+6} (You found it on level 12 of the Dungeon)
 14397 | D:12     | Noticed a six-headed hydra
 14411 | D:12     | Killed a six-headed hydra
 14709 | D:12     | Reached skill level 5 in Armour
 14709 | D:12     | Reached skill level 9 in Fighting
 14957 | D:12     | Reached skill level 7 in Dodging
 15035 | D:12     | Noticed a seven-headed hydra
 15062 | D:12     | Killed a seven-headed hydra
 15839 | Lair:1   | Entered Level 1 of the Lair of Beasts
 15939 | Lair:1   | Noticed a four-headed hydra
 15946 | Lair:1   | Killed a four-headed hydra
 16014 | Lair:1   | Reached skill level 6 in Armour
 16530 | Lair:1   | Noticed tp1's ghost (journeyman DECj)
 16565 | Lair:1   | Killed tp1's ghost
 16900 | Lair:1   | Reached skill level 10 in Fighting
 17495 | Lair:1   | Gained mutation: You can use your snake-like lower body to constrict enemies. [Naga growth]
 17495 | Lair:1   | Reached XP level 13. HP: 123/123 MP: 19/19
 17503 | Lair:1   | Reached skill level 8 in Dodging
 18805 | Lair:3   | Reached skill level 7 in Armour
 19196 | Lair:3   | Found a staircase to the Swamp.
 19323 | Lair:3   | Reached skill level 13 in Maces & Flails
 20367 | Lair:4   | Found a hole to the Spider Nest.
 20445 | Lair:4   | Reached skill level 9 in Dodging
 20772 | Lair:4   | Reached skill level 8 in Armour
 21720 | Lair:5   | Reached XP level 14. HP: 120/132 MP: 20/20
 22053 | Lair:5   | Gained mutation: You are resistant to hostile enchantments. [potion of beneficial mutation]
 22846 | Lair:6   | Reached skill level 14 in Maces & Flails
 23695 | Lair:6   | Got a pitted scale mail
 23706 | Lair:6   | Identified the +5 scale mail of Juvel {+Fly rN+ MR- Dex+3} (You found it on level 6 of the Lair of Beasts)
 24114 | Lair:6   | Reached skill level 9 in Armour
 24114 | Lair:6   | Reached skill level 10 in Dodging
 25348 | Lair:7   | Found a staircase to the Slime Pits.
 25348 | Lair:7   | Found a viscous altar of Jiyva.
 25825 | Lair:8   | Entered Level 8 of the Lair of Beasts
 26272 | Lair:8   | Noticed Josephine
 26284 | Lair:8   | Killed Josephine
 26284 | Lair:8   | Reached skill level 15 in Maces & Flails
 26389 | Lair:8   | Reached skill level 10 in Armour
 26601 | Lair:8   | Reached XP level 15. HP: 109/138 MP: 21/21
 27515 | Lair:8   | Reached skill level 11 in Armour
 28538 | D:13     | Reached skill level 16 in Maces & Flails
 28580 | D:13     | Got a pair of jewelled gloves
 28587 | D:13     | Identified the +1 pair of gloves "Jaoggof" {+Inv Regen+ rCorr Str-2} (You found it on level 13 of the Dungeon)
 28589 | D:13     | Noticed Urug
 28596 | D:13     | Killed Urug
 28691 | D:13     | Noticed Frances
 28701 | D:13     | Killed Frances
 29261 | D:14     | Found a glowing silver altar of Zin.
 29389 | D:14     | Found Efag's General Store.
 29397 | D:14     | Bought a scroll of fog for 20 gold pieces
 29414 | D:14     | Noticed Agnes
 29419 | D:14     | Killed Agnes
 29565 | D:14     | Found Qurohue's Gadget Shop.
 29577 | D:14     | Found a gate to the Vaults.
 29599 | D:14     | Reached skill level 12 in Armour
 29611 | D:14     | Reached XP level 16. HP: 59/146 MP: 22/22
 29873 | D:14     | Found Hoysch's Weapon Shop.
 30047 | D:14     | Reached skill level 17 in Maces & Flails
 30056 | D:14     | Noticed Kirke
 30060 | D:14     | Killed Kirke
 30182 | D:14     | Noticed a sphinx
 30238 | D:14     | Killed a sphinx
 30890 | D:14     | Found Xiowo's Book Emporium.
 31001 | D:15     | Entered Level 15 of the Dungeon
 31191 | D:15     | Found an opulent altar of Gozag.
 31757 | D:15     | Found a staircase to the Depths.
 31942 | D:15     | Reached skill level 11 in Fighting
 32272 | D:13     | Noticed Maurice
 32275 | D:13     | Killed Maurice
 32353 | Orc:1    | Entered Level 1 of the Orcish Mines
 32543 | Orc:2    | Noticed Sonja
 32545 | Orc:2    | Killed Sonja
 32648 | Orc:4    | Entered Level 4 of the Orcish Mines
 32873 | Orc:4    | Reached skill level 18 in Maces & Flails
 32967 | Orc:4    | Reached XP level 17. HP: 157/157 MP: 23/23
 32982 | Orc:4    | Found Suerim's Distillery.
 32982 | Orc:4    | Found Aruser's Gadget Shop.
 32984 | Orc:4    | Found Vuot's Armour Emporium.
 32984 | Orc:4    | Found Zazayclu's Assorted Antiques.
 33020 | Orc:4    | Quit the game

Vault maps used:
D:1:      saegor_arrival_under_anarchy, serial_bayou_pond_e,
          nemelex_xobeh_ov_fountains_minmay
D:2:      bloody_trog, elyvilon_altar_1, minitemple,
          nicolae_qazlal_style_of_elements, lemuel_round_altar, first_bread
D:3:      grunt_dithmenos_smoke, lemuel_coloured_pillars_altar, uniq_robin,
          uniq_sigmund
D:4:      temple_fountains, serial_shops, shop, hangedman_decor_push,
          kennysheep_generic_room_5, uniq_edmund, uniq_eustachio
D:5:      serial_shops, shop, amalloy_card_club
D:7:      overflow_temple_1_default, uniq_duvessa, uniq_pikel
D:8:      old_standard_altar, serial_shops, nicolae_shop_trees
D:9:      lemuel_crystal_altar
D:10:     lair_0_dummy, the_bakery, corexii_hall_statues_i, serial_bayou_pond_b,
          lightli_church_of_beogh
D:11:     erik_orc_3, portal_ice_cave_entry_imps
D:12:     lemuel_ice_spiral_2, st_stairs_6, minivault_23, grunt_decor_one_mirror
D:13:     uniq_urug, uniq_frances, uniq_maurice
D:14:     evilmike_diamond_1, erik_vaults_2, serial_co_window_serial,
          co_window_of_opportunity_a, co_window_corner_a,
          co_window_of_opportunity_a, co_window_corner_a, co_window_corner_a,
          co_window_broadway_c, co_window_broadway_b, co_window_broadway_a,
          co_window_corner_b, co_window_paths_d, glass_columns_c, basic_altar,
          serial_shops, kennysheep_mini, shop_fountains,
          nicolae_shop_statue_plus, shop, spider_trap, uniq_agnes, uniq_kirke
D:15:     grunt_enter_depths_hoard, basic_altar, serial_bayou_pond_d
Lair:1:   st_stairs_12
Lair:2:   infiniplex_staircase_pool_2
Lair:3:   beast_lair_carwin_large_3, minmay_swamp_entry_worms,
          hangedman_lair_unloving_vines, st_stairs_11, lemuel_fruit_fields
Lair:4:   spider_nest_entry_a, serial_bayou_pond_e, minivault_25,
          forest_entry_grove, infiniplex_staircase_pool
Lair:6:   roderic_batcave, eino_small_chamber_without_monster,
          roderic_carrion_pond
Lair:7:   slime_altar_1, st_stairs_6, dpeg_oklob_1
Lair:8:   hangedman_lair_in_review, guppyfry_lair_end_dragon,
          lemuel_old_faithful, uniq_josephine
Orc:1:    serial_shops, nicolae_shop_statue_plus, mines2_david
Orc:2:    basic_altar, nicolae_orc_rockfall, statue_in_the_mist_lemuel,
          uniq_sonja
Orc:3:    nicolae_orc_pool_cavern, nicolae_orc_crystal_geode, uniq_nessos
Orc:4:    grunt_orc_tribal_feast

Vanquished Creatures
  A sphinx Agnes Frances Kirke
  8 vault guards
  3 fire dragons Josephine
  2 yaktaur captains
  10 hydras
  2 catoblepae
  3 centaur warriors
  7 death yaks
  The ghost of tp1 the Thaumaturge, a journeyman DECj of Vehumet
  3 orc high priests
  6 tengu warriors Urug Sonja
  An unseen horror
  6 hill giants
  A lindwurm Pikel
  6 orc knights
  A wolf spider zombie
  3 orc sorcerers
  5 cyclopes
  8 black mambas
  6 griffons
  4 manticores Maurice
  14 ugly things
  4 elephants
  A torpor snail
  18 spiny frogs
  3 gargoyles
  11 centaur skeletons
  5 fire drakes
  A yaktaur
  11 komodo dragons
  A yaktaur (shapeshifter)
  2 tengu conjurers
  8 trolls
  4 two-headed ogres
  6 slime creatures
  9 polar bears
  2 giant leeches
  A centaur simulacrum
  A bog body
  A trapdoor spider zombie
  22 blink frogs
  A boulder beetle
  A trapdoor spider Sigmund
  6 wyverns
  9 basilisks
  3 spriggans
  A deep elf mage
  8 wraiths
  3 hogs Eustachio
  2 tarantellas (shapeshifter)
  19 hippogriffs
  A hog (shapeshifter)
  5 hungry ghosts
  4 mottled dragons
  13 vampire mosquitoes
  2 steam dragons
  60 yaks
  A swamp worm Edmund
  12 wolves
  19 water moccasins
  A swamp drake
  11 porcupines Duvessa
  8 spiders
  An eye of draining
  23 orc warriors
  11 black bears
  A phantom
  3 ice beasts
  9 ogres
  A wasp
  3 sky beasts
  3 centaurs
  4 necrophages
  5 big kobolds
  19 crocodiles
  19 giant frogs
  3 wyvern zombies Dowan
  A water moccasin zombie
  6 scorpions
  7 jellies
  28 killer bees
  18 wights
  A quasit
  A vampire bat
  2 electric eels
  10 crimson imps
  A wyvern simulacrum
  3 giant frog zombies
  4 giant frog skeletons
  5 centaur zombies
  10 hounds
  16 iguanas
  22 orc priests
  32 orc wizards
  11 worker ants
  34 sheep Robin
  5 gnolls
  A worker ant zombie
  19 adders
  2 shadow imps
  81 river rats
  12 white imps
  2 adder skeletons
  An adder zombie
  5 worms
  11 giant geckos
  120 orcs
  4 giant cockroaches
  16 goblins
  13 hobgoblins
  18 jackals
  26 kobolds
  8 quokkas
  5 ball pythons
  18 bats
  6 giant newts
  2 quokka skeletons
  13 rats
  32 fungi
  32 plants
1185 creatures vanquished.
